 Dungeon Crawl Stone Soup version 0.20.1-1-g8b1a95d (webtiles) character file.

140 rrRat the Shooter (level 5, 0/45 HPs)
             Began as a Minotaur Hunter on Nov 1, 2017.
             Slain by keglanek's ghost (5 damage)
             ... on level 3 of the Dungeon.
             The game lasted 00:13:12 (1866 turns).

rrRat the Shooter (Minotaur Hunter)                 Turns: 1866, Time: 00:13:12

Health: 0/45       AC:  5    Str: 16    XL:     5   Next: 2%
Magic:  4/4        EV: 11    Int:  8    God:
Gold:   129        SH:  0    Dex: 15    Spells: 4/4 levels left

rFire    . . .     SeeInvis .   a - +1 shortbow
rCold    . . .     Gourm    +   (shield currently unavailable)
rNeg     . . .     Faith    .   i - +0 ring mail
rPois    .         Spirit   .   (helmet restricted)
rElec    .         Reflect  .   (no cloak)
rCorr    .         Harm     .   (no gloves)
MR       .....                  (no boots)
Stlth    +.........             p - amulet of the gourmand
Regen    0.2/turn               x - +3 ring of dexterity
MPRegen  0.1/turn               (no ring)

@: no status effects
A: retaliatory headbutt, horns 2
a: no special abilities


You were on level 3 of the Dungeon.
You were very full.

You visited 1 branch of the dungeon, and saw 3 of its levels.

You collected 129 gold pieces.

Inventory:

Hand Weapons
 a - a +1 shortbow (weapon)
 b - a +0 short sword
 y - a +0 short sword
Missiles
 d - 10 arrows (quivered)
Armour
 i - a +0 ring mail (worn)
Jewellery
 c - an uncursed amulet of regeneration {unknown}
 p - an amulet of the gourmand (around neck)
 x - a +3 ring of dexterity (left hand)
Scrolls
 h - 3 scrolls of identify {unknown}
 k - a scroll of blinking {unknown}
 n - 3 scrolls of remove curse {unknown}
 q - 2 scrolls of recharging {unknown}
 r - a scroll of noise {unknown}
 s - 2 scrolls of teleportation {unknown}
 t - a scroll of amnesia {unknown}
 u - a scroll of magic mapping {unknown}
 w - a scroll of enchant weapon {unknown}
Potions
 e - a potion of resistance {unknown}
 g - 3 potions of degeneration {unknown}
 j - a potion of heal wounds {unknown}
 l - a potion of magic {unknown}
 m - a potion of ambrosia {unknown}
 v - 2 potions of mutation {unknown}
 z - a potion of flight {unknown}
 A - a potion of brilliance {unknown}
Comestibles
 f - 3 bread rations
 o - a royal jelly


   Skills:
 + Level 3.1 Fighting
 + Level 6.5 Bows
 + Level 0.8 Armour
 + Level 2.3 Dodging
 + Level 0.7 Stealth


You had 4 spell levels left.
You didn't know any spells.

Dungeon Overview and Level Annotations

Branches:
Dungeon (3/15)

Altars:

Annotations:
D:3 keglanek's ghost, amateur DrBe


Innate Abilities, Weirdness & Mutations

You reflexively headbutt those who attack you in melee.
You have a pair of horns on your head.


Message History

Keglanek's ghost closely misses you.
Firing (i - inventory):
d - 13 arrows (quivered)
Press: ? - help, Shift-Dir - straight line, f/p - keglanek's ghost
Aim: keglanek's ghost (moderately damaged)
You shoot an arrow. The arrow hits keglanek's ghost.
Keglanek's ghost is heavily damaged.
Keglanek's ghost closely misses you.
Firing (i - inventory):
d - 12 arrows (quivered)
Press: ? - help, Shift-Dir - straight line, f/p - keglanek's ghost
Aim: keglanek's ghost (heavily damaged)
You shoot an arrow.
The arrow closely misses keglanek's ghost.
Keglanek's ghost closely misses you.
Firing (i - inventory):
d - 11 arrows (quivered)
Press: ? - help, Shift-Dir - straight line, f/p - keglanek's ghost
Aim: keglanek's ghost (heavily damaged)
You shoot an arrow.
The arrow barely misses keglanek's ghost.
Keglanek's ghost hits you.
You die...

).....................
..................>...
(.....................
........####..........
........# ###..##+##
........# ##.##
........#
#####..#+###..
........#
#.............
........#
#.....@.......
#########
#.....W.......
#.............
#.............
#.....(.......
#.....(.......
#.............
#....((.......


You could see keglanek's ghost.

Vanquished Creatures
  Jessica (D:3)
  3 adders
  An ooze (D:1)
  A worm (D:2)
  3 dart slugs (D:1)
  4 leopard geckos
  3 orcs (D:3)
  4 giant cockroaches
  9 goblins
  2 hobgoblins (D:1)
  4 jackals (D:1)
  A ball python (D:3)
  12 bats
  5 frilled lizards
  5 kobolds
  7 rats
65 creatures vanquished.

Notes
Turn   | Place    | Note
-------+----------+-------------------------------------------
     0 | D:1      | rrRat the Minotaur Hunter began the quest for the Orb.
     0 | D:1      | Reached XP level 1. HP: 18/18 MP: 0/0
   108 | D:1      | Reached XP level 2. HP: 25/25 MP: 1/1
   183 | D:1      | Reached skill level 5 in Bows
   378 | D:1      | Reached XP level 3. HP: 30/30 MP: 2/2
   918 | D:2      | Reached XP level 4. HP: 37/37 MP: 3/3
  1153 | D:2      | Reached skill level 6 in Bows
  1651 | D:3      | Noticed Jessica
  1652 | D:3      | Killed Jessica
  1658 | D:3      | Reached XP level 5. HP: 45/45 MP: 4/4
  1844 | D:3      | Noticed keglanek's ghost (amateur DrBe)
  1866 | D:3      | Slain by keglanek's ghost

Skill      XL: |  1  2  3  4 |
---------------+-------------+-----
Bows           | 5 6 |  6.5
Fighting       | 3 |  3.1
Armour         | |  0.8
Dodging        | |  2.3
Stealth        | |  0.7

Action                   |  1- 3 |  4- 6 || total
-------------------------+-------+-------++-------
Melee: Shortbow          |       |    18 ||    18
 Fire: Shortbow          |   105 |    70 ||   175
  Eat: Chunk             |     3 |     8 ||    11
Armor: Leather armour    |     2 |       ||     2
       Ring mail         |    15 |    19 ||    34
Dodge: Dodged            |    38 |    29 ||    67
